12 | 0:01 | Drone | |
13 | 0:13 | Overlord | |
13 | 0:19 | Drone | |
14 | 0:31 | Drone x2 | |
14 | 0:35 | Drone | |
17 | 0:56 | Drone | |
18 | 0:57 | Hatchery | |
17 | 1:11 | Spawning Pool | |
16 | 1:13 | Drone | |
16 | 1:17 | Drone | |
18 | 1:25 | Extractor | |
17 | 1:50 | Drone x2 | |
17 | 1:53 | Drone | |
20 | 2:03 | Zergling x2 | |
21 | 2:08 | Extractor | |
21 | 2:09 | Queen | |
23 | 2:16 | Drone | |
23 | 2:17 | Drone | |
23 | 2:18 | Queen | |
23 | 2:21 | Drone | |
28 | 2:37 | Baneling Nest | |
28 | 2:41 | Overlord x2 | |
27 | 2:51 | Overlord | |
27 | 3:04 | Zergling x4 | |
27 | 3:05 | Zergling x2 | |
30 | 3:06 | Metabolic Boost | |
30 | 3:10 | Hatchery | |
29 | 3:15 | Drone | |
29 | 3:18 | Drone x5 | |
35 | 3:22 | Drone | |
35 | 3:24 | Drone | |
37 | 3:42 | Drone x5 | |
37 | 3:43 | Drone | |
43 | 4:06 | Lair | |
43 | 4:09 | Zergling x2 | |
44 | 4:13 | Baneling x2 | |
44 | 4:14 | Baneling x2 | |
44 | 4:21 | Queen | |
46 | 4:36 | Queen | |
48 | 4:40 | Zergling x4 | |
48 | 4:42 | Overlord x4 | |
50 | 5:03 | Zergling x6 | |
50 | 5:04 | Zergling x4 | |
50 | 5:06 | Baneling x4 | |
55 | 5:11 | Drone | |
55 | 5:12 | Evolution Chamber | |
55 | 5:15 | Drone x3, Extractor x2 | |
55 | 5:16 | Drone x2 | |
55 | 5:17 | Drone | |
59 | 5:39 | Centrifical Hooks | |
59 | 5:43 | Drone x2 | |
61 | 5:52 | Drone x12 | |
73 | 6:00 | Zerg Melee Weapons Level 1 | |
73 | 6:23 | Drone | |
73 | 6:24 | Hydralisk Den | |
73 | 6:27 | Extractor | |
73 | 6:29 | Drone | |
73 | 6:30 | Drone x3 | |
73 | 6:31 | Drone x2 | |
78 | 6:36 | Extractor | |
78 | 6:37 | Extractor | |
78 | 6:39 | Baneling x3 | |
76 | 6:40 | Baneling x2 | |
76 | 6:41 | Zergling x12 | |
76 | 6:42 | Overlord | |
76 | 6:43 | Overlord x4 | |
82 | 7:09 | Zergling x2 | |
82 | 7:10 | Zergling x16 | |
82 | 7:14 | Baneling x3 | |
90 | 7:40 | Zergling x14 | |
97 | 8:00 | Drone | |
97 | 8:01 | Drone x5 | |
103 | 8:08 | Grooved Spines | |
103 | 8:10 | Hydralisk x2 | |
84 | 9:05 | Hydralisk | |
84 | 9:06 | Zergling x2, Hydralisk x3 | |
84 | 9:07 | Zergling x8, Hydralisk x5 | |
84 | 9:08 | Zergling x8, Hydralisk x2 | |
105 | 9:19 | Muscular Augments | |
105 | 9:24 | Spore Crawler | |
105 | 9:25 | Drone x2 | |
105 | 9:26 | Spore Crawler | |
105 | 9:33 | Spore Crawler x2 | |
105 | 9:37 | Spore Crawler | |
102 | 9:40 | Zerg Melee Weapons Level 2, Spire | |
101 | 9:47 | Evolution Chamber | |
101 | 9:48 | Drone | |
101 | 9:54 | Spore Crawler x2, Drone x2 | |
101 | 9:56 | Spore Crawler, Drone | |
101 | 10:05 | Zergling x2 | |
101 | 10:06 | Zergling x28 | |
116 | 10:09 | Baneling x16 | |
116 | 10:10 | Baneling x2 | |
116 | 10:16 | Zerg Missile Weapons Level 1 | |
116 | 10:33 | Drone | |
117 | 10:43 | Hydralisk x2 | |
117 | 10:45 | Overlord x5 | |
117 | 10:48 | Hatchery | |
120 | 11:36 | Baneling x2 | |
120 | 11:37 | Baneling x3 | |
120 | 11:38 | Hydralisk | |
120 | 11:39 | Hydralisk x10 | |
142 | 11:47 | Drone | |
142 | 11:49 | Infestation Pit | |
136 | 12:19 | Baneling | |
136 | 12:20 | Baneling x14 | |
136 | 12:28 | Zerg Ground Armor Level 1, Zerg Missile Weapons Level 2 | |
136 | 12:36 | Drone x8 | |
144 | 12:37 | Drone x4 | |
144 | 12:38 | Drone x5 | |
144 | 12:40 | Extractor | |
144 | 12:43 | Extractor | |
151 | 12:46 | Hive | |
125 | 13:00 | Corruptor x13 | |
107 | 13:36 | Corruptor x2 | |
107 | 13:37 | Corruptor x5 | |
107 | 13:38 | Corruptor x5 | |
131 | 13:48 | Queen | |
133 | 14:04 | Hatchery | |
132 | 14:12 | Spore Crawler | |
132 | 14:13 | Spore Crawler | |
132 | 14:15 | Spore Crawler | |
132 | 14:16 | Spore Crawler | |
128 | 14:19 | Greater Spire | |
128 | 14:31 | Extractor | |
128 | 14:32 | Spore Crawler | |
128 | 14:33 | Spore Crawler, Extractor | |
124 | 14:54 | Hatchery | |
124 | 14:56 | Extractor | |
122 | 15:09 | Corruptor x13 | |
122 | 15:10 | Corruptor x7 | |
162 | 15:19 | Overlord x6 | |
162 | 15:36 | Drone | |
162 | 15:37 | Drone x3 | |
162 | 15:39 | Drone x4 | |
162 | 15:40 | Drone x2 | |
162 | 15:41 | Drone x3 | |
175 | 15:43 | Queen | |
175 | 15:46 | Brood Lord x2 | |
175 | 15:47 | Brood Lord x3 | |
187 | 15:50 | Brood Lord | |
189 | 16:21 | Extractor | |
189 | 16:22 | Brood Lord x4 | |
189 | 16:23 | Spore Crawler | |
195 | 16:25 | Spore Crawler | |
195 | 16:29 | Brood Lord x2 | |
198 | 16:34 | Drone | |
198 | 16:35 | Drone | |
76 | 21:02 | Spawning Pool | |
63 | 21:44 | Drone | |
63 | 21:45 | Drone x10 | |
74 | 21:47 | Drone x3 | |
77 | 21:56 | Queen x3 | |
85 | 22:12 | Lair | |
83 | 22:32 | Queen x3 | |
89 | 22:41 | Spore Crawler | |
88 | 22:49 | Spore Crawler | |
88 | 22:50 | Spore Crawler | |
88 | 22:51 | Spore Crawler x2 | |
85 | 22:54 | Spore Crawler | |
85 | 22:57 | Spore Crawler | |
82 | 23:07 | Queen | |
84 | 23:22 | Spire | |
83 | 23:32 | Hydralisk Den | |
80 | 24:13 | Hydralisk x2 | |
80 | 24:14 | Zergling x6, Hydralisk x4 | |
80 | 24:15 | Zergling x6, Hydralisk x6 | |
80 | 24:16 | Zergling x6, Hydralisk x5 | |
80 | 24:17 | Zergling x4 | |
125 | 24:28 | Baneling Nest | |
124 | 25:01 | Corruptor x17 | |
124 | 25:02 | Corruptor | |
124 | 25:04 | Hatchery | |
159 | 25:21 | Corruptor, Hydralisk | |
159 | 25:22 | Corruptor x3, Hydralisk x5 | |
159 | 25:23 | Hydralisk | |
181 | 25:51 | Drone | |
181 | 25:52 | Drone, Spore Crawler | |
181 | 25:54 | Drone x8 | |
181 | 25:55 | Drone x7 | |
197 | 26:00 | Infestation Pit | |
196 | 26:05 | Drone x4 | |
196 | 26:10 | Extractor | |
199 | 26:11 | Extractor | |
139 | 26:39 | Hive | |
129 | 26:41 | Zerg Ground Armor Level 2 | |
129 | 26:45 | Zergling x4 | |
111 | 27:02 | Hydralisk Den | |
92 | 27:42 | Zergling x4, Hydralisk x5 | |
92 | 27:43 | Zergling x6, Hydralisk x3 | |
92 | 27:44 | Zergling x4, Hydralisk x4 | |
110 | 27:45 | Zergling x6 | |
110 | 27:49 | Hydralisk x2 | |
110 | 27:50 | Zergling x4, Hydralisk | |
130 | 28:12 | Baneling x11, Extractor | |
129 | 28:13 | Baneling x2 | |
129 | 28:29 | Drone x12 | |
141 | 28:37 | Greater Spire | |
141 | 28:47 | Spore Crawler | |
140 | 28:52 | Spore Crawler | |
93 | 29:34 | Hydralisk x2 | |
93 | 29:35 | Zergling x4, Hydralisk x4 | |
93 | 29:36 | Zergling x4, Hydralisk | |
111 | 29:44 | Hatchery | |
110 | 29:47 | Hatchery | |
110 | 29:48 | Drone x3 | |
110 | 29:50 | Drone | |
110 | 29:51 | Drone, Hatchery | |
113 | 29:58 | Queen | |
115 | 30:10 | Brood Lord x6 | |
115 | 30:11 | Brood Lord x2 | |
123 | 30:46 | Corruptor, Hydralisk x2 | |
123 | 30:47 | Hydralisk | |
123 | 30:48 | Zergling x6, Hydralisk x4 | |
123 | 30:49 | Zergling x6, Hydralisk x3 | |
148 | 30:50 | Zergling x2 | |
142 | 31:07 | Hydralisk x10 | |
156 | 31:16 | Zergling x4 | |
154 | 31:18 | Zergling x2 | |
147 | 31:26 | Drone | |
147 | 31:27 | Drone | |
129 | 31:42 | Hydralisk | |
94 | 32:05 | Corruptor | |
92 | 32:13 | Drone x2 | |
80 | 32:29 | Drone x2 | |
82 | 32:32 | Drone | |
83 | 32:37 | Drone | |
80 | 33:14 | Corruptor | |
80 | 33:15 | Corruptor | |
84 | 33:25 | Drone x3 | |
88 | 33:27 | Drone | |
79 | 34:01 | Hydralisk x5 | |
79 | 34:20 | Drone x2 | |
79 | 34:21 | Drone x3 | |
84 | 34:37 | Brood Lord | |
55 | 34:56 | Hatchery | |
55 | 34:58 | Drone | |
55 | 35:17 | Drone x7 | |
55 | 35:19 | Drone | |
63 | 35:43 | Brood Lord | |
63 | 35:45 | Corruptor | |
67 | 36:03 | Corruptor x2 | |
67 | 36:04 | Corruptor | |
73 | 36:13 | Drone | |
74 | 36:38 | Hatchery | |
73 | 36:40 | Corruptor | |
73 | 36:41 | Corruptor | |
73 | 36:43 | Corruptor | |
79 | 36:59 | Drone | |
80 | 37:07 | Drone x5 | |
80 | 37:08 | Drone x10 | |
95 | 37:21 | Brood Lord x3 | |
101 | 37:27 | Corruptor | |
77 | 38:16 | Extractor | |
77 | 38:19 | Corruptor, Hydralisk | |
78 | 38:20 | Corruptor, Hydralisk | |
78 | 38:23 | Zergling x20 | |
78 | 38:24 | Zergling x40 | |
78 | 38:25 | Zergling x2 | |
115 | 38:28 | Zergling x6 | |
118 | 38:44 | Corruptor x4 | |
126 | 39:30 | Baneling | |
126 | 39:31 | Baneling x25 | |
126 | 40:02 | Baneling x7 | |
126 | 40:04 | Brood Lord | |
126 | 40:05 | Brood Lord | |
130 | 40:07 | Corruptor | |
130 | 40:08 | Corruptor, Zergling x2, Hydralisk | |
130 | 40:09 | Zergling x2, Hydralisk x20 | |
152 | 40:41 | Overseer x4 | |
152 | 40:49 | Corruptor, Hydralisk x2 | |
154 | 40:50 | Corruptor x2, Zergling x4, Hydralisk x2 | |
154 | 40:51 | Corruptor x2, Zergling x4, Hydralisk x2 | |
154 | 40:54 | Zergling x4 | |
154 | 40:55 | Zergling x2 | |
179 | 41:32 | Hatchery | |
160 | 42:16 | Zergling x2 | |
160 | 42:17 | Hydralisk x2 | |
160 | 42:18 | Zergling x8, Hydralisk x5 | |
160 | 42:19 | Zergling x10, Hydralisk x5 | |
160 | 42:20 | Zergling x4 | |
194 | 42:33 | Hydralisk | |
194 | 42:34 | Hydralisk x2 | |
188 | 42:47 | Hydralisk x2 | |
188 | 42:48 | Hydralisk x4 | |
188 | 42:51 | Hydralisk x4 | |
177 | 42:59 | Hydralisk x2 | |
177 | 43:00 | Hydralisk | |
177 | 43:01 | Hydralisk | |
185 | 43:16 | Brood Lord | |
185 | 43:19 | Brood Lord | |